Gangsters vs Patriotes
Created - 7 novembre 2014 at 19:38
Goals
|
| Gangsters |
1 |
0 |
1 |
0 |
2 |
3 |
| Patriotes |
0 |
2 |
0 |
0 |
0 |
2 |
|
Shots
|
| Gangsters |
10 |
8 |
10 |
2 |
2 |
30 |
| Patriotes |
13 |
19 |
6 |
0 |
2 |
38 |
|
1st period
1. Gangsters , Jaroslav Balastik 8 (Ville Koistinen, Shaun Heska) at 19:48
Penalties :
No Penalty
2nd period
2. Patriotes , Ryan Wilson 3 (Fedor Fedorov, Lauri Tukonen) at 3:46 (PP)
3. Patriotes , Tomas Kurka 5 (Andreas Nodl, Cory Emmerton) at 16:38
Penalties :
Ville Koistinen (Bro) for Tripping (Minor) at 0:37, Michael Sdao (Bro) for Interference (Minor) at 3:09, Colten Teubert (Bro) for Hooking (Minor) at 18:37
3rd period
4. Gangsters , Mikko Lehtonen 7 (Chris Bourque, Shaun Heska) at 10:47
Penalties :
Joe Charlebois (Nyc) for Hooking (Minor) at 1:02, Zack Stortini (Nyc) for Boarding (Minor) at 8:35, Colten Teubert (Bro) for Hooking (Minor) at 12:51
Overtime #1
No Goal
Penalties :
No Penalty
Shootout
Penalty Shot by Igor Radulov for Gangsters - Goal!
Penalty Shot by Tomas Kurka for Patriotes - Stopped by Dustin Tokarski
Penalty Shot by Jaroslav Balastik for Gangsters - Goal!
Penalty Shot by Andreas Nodl for Patriotes - Stopped by Dustin Tokarski
Penalties :
No Penalty
Goalie Stats
Dustin Tokarski (Bro), 36 saves from 38 shots - (0,947), W, 3-4-0, 65:00 minutes
Joey MacDonald (Nyc), 28 saves from 30 shots - (0,933), OTL, 9-5-2, 65:00 minutes
Players Stats for Gangsters
Player Name G A P +/- PIM S H SB GA TA FO MP PP MP PK MP
------------------------------------------------------------------------------------
Alexandre Bolduc 0 0 0 -1 0 5 2 1 0 0 16/27 20:32 2:12 0:49
Artem Anisimov 0 0 0 0 0 2 0 0 0 0 6/8 15:10 1:46 0:00
Brock Bradford 0 0 0 0 0 0 0 0 0 0 0/0 0:26 0:00 0:00
Chris Bourque 0 1 1 1 0 3 1 1 1 0 0/1 16:09 0:00 2:07
Colten Teubert 0 0 0 0 4 1 4 4 0 1 0/0 21:54 1:37 2:03
Dave Dziurzynski 0 0 0 1 0 1 0 0 0 0 0/0 7:09 0:00 0:15
Igor Radulov 0 0 0 -1 0 3 0 0 2 1 7/12 25:06 2:12 4:18
Jaroslav Balastik 1 0 1 1 0 4 3 0 3 3 1/1 26:05 1:46 4:12
Matt Delahey 0 0 0 0 0 2 1 1 0 1 0/0 22:43 1:37 2:31
Maxime Sauvé 0 0 0 1 0 0 0 0 1 1 1/5 13:47 0:00 0:00
Michael Sdao 0 0 0 0 2 0 1 0 0 0 0/0 15:33 0:00 2:26
Mikko Lehtonen 1 0 1 1 0 4 1 1 0 0 1/1 15:03 0:00 0:00
Richard Panik 0 0 0 1 0 0 0 0 0 0 0/0 7:07 0:00 0:00
Ryan Jones 0 0 0 0 0 2 1 0 0 0 0/0 15:10 1:46 0:00
Ryan Keller 0 0 0 -1 0 1 1 2 0 2 1/1 21:24 2:12 1:27
Shaun Heska 0 2 2 1 0 1 0 0 0 0 0/0 30:21 2:21 4:01
Staffan Kronwall 0 0 0 0 0 0 0 0 0 0 0/0 12:15 0:00 0:00
Ville Koistinen 0 1 1 1 2 1 4 1 1 1 0/0 27:28 2:21 2:07
Players Stats for Patriotes
Player Name G A P +/- PIM S H SB GA TA FO MP PP MP PK MP
------------------------------------------------------------------------------------
Andreas Nodl 0 1 1 1 0 6 4 0 2 0 0/0 23:59 3:38 2:13
Brett Skinner 0 0 0 0 0 0 1 3 0 1 0/0 27:03 4:17 2:20
Christian Hanson 0 0 0 0 0 1 0 0 1 0 3/9 16:19 2:56 0:21
Cory Emmerton 0 1 1 1 0 4 1 0 2 2 12/32 21:23 3:38 0:32
Fedor Fedorov 0 1 1 -1 0 1 4 0 0 0 0/1 18:58 2:56 1:33
Jared Staal 0 0 0 -1 0 0 1 0 0 0 0/0 7:19 0:00 0:00
Joakim Andersson 0 0 0 0 0 0 0 0 0 0 0/0 0:00 0:00 0:00
Joe Charlebois 0 0 0 -1 2 1 3 2 1 0 0/0 23:14 2:17 0:46
Lauri Tukonen 0 1 1 0 0 1 2 0 0 2 0/0 16:00 2:56 0:00
Liam Reddox 0 0 0 -1 0 1 1 0 0 0 0/1 8:27 0:00 0:09
Nigel Williams 0 0 0 0 0 0 0 1 0 0 0/0 15:09 0:00 0:42
Patrice Cormier 0 0 0 0 0 2 2 0 1 0 3/4 13:57 0:00 0:00
Ryan White 0 0 0 -2 0 0 0 1 0 0 2/3 9:27 0:00 0:54
Ryan Wilson 1 0 1 0 0 2 2 2 1 1 0/0 27:01 4:17 2:18
Sami Vatanen 0 0 0 0 0 2 0 2 0 0 0/0 14:42 0:00 0:15
T.J Galiardi 0 0 0 0 0 5 0 0 1 0 0/0 13:35 0:00 0:00
Timothy Kunes 0 0 0 -1 0 0 1 3 1 0 0/0 23:27 2:17 1:35
Tomas Kurka 1 0 1 1 0 9 2 0 0 2 3/6 23:58 3:38 2:14
Zack Stortini 0 0 0 -1 2 3 4 0 0 0 0/0 12:02 0:00 0:00
3 Stars
1 - Jaroslav Balastik (Bro)
2 - Tomas Kurka (Nyc)
3 - Mikko Lehtonen (Bro)
Power Play
Gangsters - 0 on 2 Attempt(s) - 0,00%
Patriotes - 1 on 4 Attempt(s) - 25,00%
Penalty Kill
Gangsters - 3 on 4 Attempt(s) - 75,00%
- Score 0 goal in Penalty Kill
Patriotes - 2 on 2 Attempt(s) - 100,00%
- Score 0 goal in Penalty Kill
Official
Referees : Martell Rob and Lee Chris
Linesman : Brad Lazarowich and Thor Nelson
Game Notes
No Game Note
Finance
Level 1 -- Attendance: 1430 (71,50%) -- Ticket Income 50 050 $
Level 2 -- Attendance: 732 (73,20%) -- Ticket Income 10 980 $
Total Attendance: 2162 (72,07%)
Total Ticket Income: 61 030 $
Other Income: 3 052 $
Total Income: 64 082 $
Gangsters
5 vs 5 Forward
Center Left Wing Right Wing Time % Phy DF OF
1 Alexandre Bolduc Igor Radulov Ryan Keller 40 1 2 2
2 Artem Anisimov Jaroslav Balastik Ryan Jones 30 1 2 2
3 Maxime Sauvé Chris Bourque Mikko Lehtonen 20 1 2 2
4 Jaroslav Balastik Dave Dziurzynski Richard Panik 10 1 2 2
5 vs 5 Defense
Defense Defense Time % Phy DF OF
1 Ville Koistinen Shaun Heska 40 1 2 2
2 Colten Teubert Matt Delahey 30 1 2 2
3 Michael Sdao Staffan Kronwall 20 1 2 2
4 Ville Koistinen Shaun Heska 10 1 2 2
PowerPlay Forward
Center Left Wing Right Wing Time % Phy DF OF
1 Alexandre Bolduc Igor Radulov Ryan Keller 60 1 2 2
2 Artem Anisimov Jaroslav Balastik Ryan Jones 40 1 2 2
PowerPlay Defense
Defense Defense Time % Phy DF OF
1 Ville Koistinen Shaun Heska 60 1 2 2
2 Colten Teubert Matt Delahey 40 1 2 2
Penalty Kill 4 Players Forward
Center Wing Time % Phy DF OF
1 Igor Radulov Jaroslav Balastik 60 1 2 2
2 Ryan Keller Chris Bourque 40 1 2 2
Penalty Kill 4 Players Defense
Defense Defense Time % Phy DF OF
1 Ville Koistinen Shaun Heska 60 1 2 2
2 Colten Teubert Matt Delahey 40 1 2 2
Penalty Kill - 3 Players Forward
Forward Time % Phy DF OF
1 Igor Radulov 60 1 2 2
2 Jaroslav Balastik 40 1 2 2
Penalty Kill - 3 Players Defense
Defense Defense Time % Phy DF OF
1 Ville Koistinen Shaun Heska 60 1 2 2
2 Colten Teubert Matt Delahey 40 1 2 2
4 vs 4 Forward
Center Wing Time % Phy DF OF
1 Igor Radulov Jaroslav Balastik 60 1 2 2
2 Ryan Keller Chris Bourque 40 1 2 2
4 vs 4 Defense
Defense Defense Time % Phy DF OF
1 Ville Koistinen Shaun Heska 60 1 2 2
2 Colten Teubert Matt Delahey 40 1 2 2
Last Minutes Offensive
Center Left Wing Right Wing Defense Defense
Alexandre Bolduc Igor Radulov Ryan Keller Ville Koistinen Shaun Heska
Last Minutes Defensive
Center Left Wing Right Wing Defense Defense
Alexandre Bolduc Igor Radulov Ryan Keller Ville Koistinen Shaun Heska
Goaltenders
Starting : Dustin Tokarski
Backup : David LeNeveu
Extra Forwards
Normal : Mikko Lehtonen, Maxime Sauvé, Jaroslav Balastik - PP : Mikko Lehtonen, Maxime Sauvé - PK : Igor Radulov
Extra Defensemen
Normal : Michael Sdao, Ville Koistinen, Colten Teubert - PP : Michael Sdao - PK : Shaun Heska, Colten Teubert
Penalty Shots
Igor Radulov, Jaroslav Balastik, Ryan Keller, Chris Bourque, Alexandre Bolduc
Patriotes
5 vs 5 Forward
Center Left Wing Right Wing Time % Phy DF OF
1 Cory Emmerton Tomas Kurka Andreas Nodl 40 1 2 2
2 Christian Hanson Fedor Fedorov Lauri Tukonen 30 1 2 2
3 Patrice Cormier T.J Galiardi Zack Stortini 20 1 2 2
4 Ryan White Liam Reddox Jared Staal 10 1 2 2
5 vs 5 Defense
Defense Defense Time % Phy DF OF
1 Brett Skinner Ryan Wilson 40 1 2 2
2 Joe Charlebois Timothy Kunes 30 1 2 2
3 Sami Vatanen Nigel Williams 20 1 2 2
4 Brett Skinner Ryan Wilson 10 1 2 2
PowerPlay Forward
Center Left Wing Right Wing Time % Phy DF OF
1 Cory Emmerton Tomas Kurka Andreas Nodl 60 1 2 2
2 Christian Hanson Fedor Fedorov Lauri Tukonen 40 1 2 2
PowerPlay Defense
Defense Defense Time % Phy DF OF
1 Brett Skinner Ryan Wilson 60 1 2 2
2 Joe Charlebois Timothy Kunes 40 1 2 2
Penalty Kill 4 Players Forward
Center Wing Time % Phy DF OF
1 Tomas Kurka Andreas Nodl 60 1 2 2
2 Fedor Fedorov Cory Emmerton 40 1 2 2
Penalty Kill 4 Players Defense
Defense Defense Time % Phy DF OF
1 Brett Skinner Ryan Wilson 60 1 2 2
2 Joe Charlebois Timothy Kunes 40 1 2 2
Penalty Kill - 3 Players Forward
Forward Time % Phy DF OF
1 Tomas Kurka 60 1 2 2
2 Andreas Nodl 40 1 2 2
Penalty Kill - 3 Players Defense
Defense Defense Time % Phy DF OF
1 Brett Skinner Ryan Wilson 60 1 2 2
2 Joe Charlebois Timothy Kunes 40 1 2 2
4 vs 4 Forward
Center Wing Time % Phy DF OF
1 Tomas Kurka Andreas Nodl 60 1 2 2
2 Fedor Fedorov Cory Emmerton 40 1 2 2
4 vs 4 Defense
Defense Defense Time % Phy DF OF
1 Brett Skinner Ryan Wilson 60 1 2 2
2 Joe Charlebois Timothy Kunes 40 1 2 2
Last Minutes Offensive
Center Left Wing Right Wing Defense Defense
Cory Emmerton Tomas Kurka Andreas Nodl Brett Skinner Ryan Wilson
Last Minutes Defensive
Center Left Wing Right Wing Defense Defense
Cory Emmerton Tomas Kurka Andreas Nodl Brett Skinner Ryan Wilson
Goaltenders
Starting : Joey MacDonald
Backup : Jason Missiaen
Extra Forwards
Normal : T.J Galiardi, Patrice Cormier, Ryan White - PP : T.J Galiardi, Patrice Cormier - PK : Ryan White
Extra Defensemen
Normal : Sami Vatanen, Nigel Williams, Joe Charlebois - PP : Sami Vatanen - PK : Nigel Williams, Joe Charlebois
Penalty Shots
Tomas Kurka, Andreas Nodl, Fedor Fedorov, Cory Emmerton, T.J Galiardi
% Time on Ice - Gangsters
Lines # - Real PCT - Wanted PCT - Time Play
Normal Forward
1 - 34% - 40% - 16:59
2 - 29% - 30% - 14:07
3 - 23% - 20% - 11:32
4 - 14% - 10% - 6:50
Normal Defense
1 - 36% - 40% - 17:57
2 - 35% - 30% - 17:10
3 - 24% - 20% - 11:41
4 - 5% - 10% - 2:40
PP Forward
1 - 55% - 60% - 2:12
2 - 45% - 40% - 1:46
PP Defense
1 - 59% - 60% - 2:21
2 - 41% - 40% - 1:37
PK Forward
1 - 78% - 60% - 5:07
2 - 22% - 40% - 1:27
PK Defense
1 - 62% - 60% - 4:03
2 - 38% - 40% - 2:31
PK3 Forward
1 - 0% - 60%
2 - 0% - 40%
PK3 Defense
1 - 0% - 60%
2 - 0% - 40%
44 Forward
1 - 81% - 60% - 4:04
2 - 19% - 40% - 0:56
44 Defense
1 - 58% - 60% - 2:54
2 - 42% - 40% - 2:06
Last Minute Offensive - 0:00
Last Minute Defensive - 0:00
Total
Forward - 65:00
Defense - 65:00
|
% Time on Ice - Patriotes
Lines # - Real PCT - Wanted PCT - Time Play
Normal Forward
1 - 34% - 40% - 17:01
2 - 28% - 30% - 13:40
3 - 23% - 20% - 11:28
4 - 15% - 10% - 7:19
Normal Defense
1 - 33% - 40% - 16:06
2 - 37% - 30% - 18:16
3 - 27% - 20% - 13:13
4 - 4% - 10% - 1:53
PP Forward
1 - 55% - 60% - 3:38
2 - 45% - 40% - 2:56
PP Defense
1 - 65% - 60% - 4:17
2 - 35% - 40% - 2:17
PK Forward
1 - 87% - 60% - 3:26
2 - 13% - 40% - 0:32
PK Defense
1 - 54% - 60% - 2:08
2 - 46% - 40% - 1:50
PK3 Forward
1 - 0% - 60%
2 - 0% - 40%
PK3 Defense
1 - 0% - 60%
2 - 0% - 40%
44 Forward
1 - 74% - 60% - 3:43
2 - 26% - 40% - 1:17
44 Defense
1 - 52% - 60% - 2:37
2 - 48% - 40% - 2:23
Last Minute Offensive - 0:00
Last Minute Defensive - 0:00
Total
Forward - 65:00
Defense - 65:00
|
Play by Play
1st period
0:01 of 1st period - Alexandre Bolduc wins face-off versus Cory Emmerton in neutral zone.
0:06 of 1st period - Slapshot by Ryan Keller.
0:06 of 1st period - Deflect By Alexandre Bolduc.
0:06 of 1st period - Stopped by Joey MacDonald with a rebound.
0:26 of 1st period - Ryan Jones is hit by Ryan Wilson and loses puck.
0:53 of 1st period - Wrist shot by T.J Galiardi.
0:53 of 1st period - Stopped by Dustin Tokarski with a rebound.
1:09 of 1st period - Snap shot by Igor Radulov.
1:09 of 1st period - Stopped by Joey MacDonald without a rebound.
1:10 of 1st period - Ryan White wins face-off versus Alexandre Bolduc in Patriotes zone.
1:34 of 1st period - Ryan Wilson is hit by Michael Sdao and loses puck.
3:18 of 1st period - Wrist shot by Igor Radulov.
3:18 of 1st period - Stopped by Joey MacDonald with a rebound.
4:45 of 1st period - Snap shot by Artem Anisimov.
4:45 of 1st period - Shot Misses the Net.
5:35 of 1st period - Staffan Kronwall is hit by Patrice Cormier and loses puck.
6:30 of 1st period - Snap shot by Jaroslav Balastik.
6:30 of 1st period - Deflect By Artem Anisimov.
6:30 of 1st period - Stopped by Joey MacDonald without a rebound.
6:31 of 1st period - Cory Emmerton wins face-off versus Maxime Sauvé in Patriotes zone.
6:49 of 1st period - Andreas Nodl is hit by Chris Bourque and loses puck.
7:00 of 1st period - Snap shot by Andreas Nodl.
7:00 of 1st period - Stopped by Dustin Tokarski with a rebound.
7:02 of 1st period - Slapshot by Nigel Williams.
7:02 of 1st period - Shot Misses the Net.
7:04 of 1st period - Slapshot by Andreas Nodl.
7:04 of 1st period - Deflect By Cory Emmerton.
7:04 of 1st period - Shot Blocked by Mikko Lehtonen.
7:04 of 1st period - Puck is out of play.
7:05 of 1st period - Alexandre Bolduc wins face-off versus Christian Hanson in Gangsters zone.
7:20 of 1st period - Wrist shot by Fedor Fedorov.
7:20 of 1st period - Stopped by Dustin Tokarski with a rebound.
7:57 of 1st period - Slapshot by Ryan Wilson.
7:57 of 1st period - Stopped by Dustin Tokarski without a rebound.
7:58 of 1st period - Cory Emmerton wins face-off versus Maxime Sauvé in Gangsters zone.
8:05 of 1st period - Snap shot by Tomas Kurka.
8:05 of 1st period - Stopped by Dustin Tokarski without a rebound.
8:06 of 1st period - Alexandre Bolduc wins face-off versus Cory Emmerton in Gangsters zone.
8:35 of 1st period - Slapshot by Jaroslav Balastik.
8:35 of 1st period - Shot Blocked by Timothy Kunes.
8:40 of 1st period - Off-side.
8:41 of 1st period - Christian Hanson wins face-off versus Alexandre Bolduc in neutral zone.
9:08 of 1st period - Snap shot by Liam Reddox.
9:08 of 1st period - Stopped by Dustin Tokarski without a rebound.
9:09 of 1st period - Artem Anisimov wins face-off versus Liam Reddox in Gangsters zone.
9:16 of 1st period - Slapshot by Ryan Jones.
9:16 of 1st period - Shot Misses the Net.
9:25 of 1st period - Icing by Jaroslav Balastik.
9:26 of 1st period - Cory Emmerton wins face-off versus Artem Anisimov in Gangsters zone.
9:49 of 1st period - Icing by Shaun Heska.
9:50 of 1st period - Christian Hanson wins face-off versus Alexandre Bolduc in Gangsters zone.
9:51 of 1st period - Wrist shot by Fedor Fedorov.
9:51 of 1st period - Shot Blocked by Ryan Keller.
9:53 of 1st period - Slapshot by Lauri Tukonen.
9:53 of 1st period - Stopped by Dustin Tokarski with a rebound.
9:55 of 1st period - Snap shot by Fedor Fedorov.
9:55 of 1st period - Shot Misses the Net.
9:57 of 1st period - Slapshot by Lauri Tukonen.
9:57 of 1st period - Deflect By Fedor Fedorov.
9:57 of 1st period - Shot Misses the Net.
9:57 of 1st period - Puck is out of play.
9:58 of 1st period - Alexandre Bolduc wins face-off versus Cory Emmerton in Gangsters zone.
9:58 of 1st period - Alexandre Bolduc is hit by Timothy Kunes.
10:06 of 1st period - Slapshot by Igor Radulov.
10:06 of 1st period - Shot Misses the Net.
10:08 of 1st period - Backhand shot by Shaun Heska.
10:08 of 1st period - Stopped by Joey MacDonald with a rebound.
10:10 of 1st period - Wrist shot by Alexandre Bolduc.
10:10 of 1st period - Stopped by Joey MacDonald with a rebound.
10:48 of 1st period - Snap shot by Maxime Sauvé.
10:48 of 1st period - Shot Blocked by Brett Skinner.
10:50 of 1st period - Slapshot by Ville Koistinen.
10:50 of 1st period - Shot Blocked by Brett Skinner.
10:52 of 1st period - Slapshot by Ville Koistinen.
10:52 of 1st period - Deflect By Maxime Sauvé.
10:52 of 1st period - Shot Misses the Net.
10:52 of 1st period - Puck is out of play.
10:53 of 1st period - Cory Emmerton wins face-off versus Alexandre Bolduc in Patriotes zone.
11:06 of 1st period - Igor Radulov is hit by Andreas Nodl and loses puck.
11:45 of 1st period - Wrist shot by T.J Galiardi.
11:45 of 1st period - Stopped by Dustin Tokarski with a rebound.
11:51 of 1st period - Snap shot by Ryan Wilson.
11:51 of 1st period - Deflect By T.J Galiardi.
11:51 of 1st period - Shot Misses the Net.
11:51 of 1st period - Puck is out of play.
11:52 of 1st period - Cory Emmerton wins face-off versus Alexandre Bolduc in Gangsters zone.
11:57 of 1st period - Slapshot by Cory Emmerton.
11:57 of 1st period - Deflect By Andreas Nodl.
11:57 of 1st period - Stopped by Dustin Tokarski with a rebound.
12:01 of 1st period - Snap shot by Cory Emmerton.
12:01 of 1st period - Shot Blocked by Alexandre Bolduc.
12:03 of 1st period - Snap shot by Andreas Nodl.
12:03 of 1st period - Shot Misses the Net.
12:05 of 1st period - Snap shot by Sami Vatanen.
12:05 of 1st period - Deflect By Ryan Keller.
12:05 of 1st period - Stopped by Dustin Tokarski with a rebound.
12:17 of 1st period - Fedor Fedorov is hit by Jaroslav Balastik and loses puck.
13:04 of 1st period - Snap shot by Cory Emmerton.
13:04 of 1st period - Shot Misses the Net.
13:06 of 1st period - Slapshot by Joe Charlebois.
13:06 of 1st period - Stopped by Dustin Tokarski without a rebound.
13:07 of 1st period - Alexandre Bolduc wins face-off versus Cory Emmerton in Gangsters zone.
13:26 of 1st period - Wrist shot by Cory Emmerton.
13:26 of 1st period - Stopped by Dustin Tokarski without a rebound.
13:27 of 1st period - Christian Hanson wins face-off versus Artem Anisimov in Gangsters zone.
13:34 of 1st period - Fedor Fedorov is hit by Jaroslav Balastik and loses puck.
13:53 of 1st period - Tomas Kurka is hit by Colten Teubert and loses puck.
15:03 of 1st period - Snap shot by Cory Emmerton.
15:03 of 1st period - Deflect By Igor Radulov.
15:03 of 1st period - Stopped by Dustin Tokarski with a rebound.
15:05 of 1st period - Snap shot by Cory Emmerton.
15:05 of 1st period - Shot Misses the Net.
15:19 of 1st period - Sami Vatanen is hit by Colten Teubert.
15:25 of 1st period - Snap shot by Jaroslav Balastik.
15:25 of 1st period - Stopped by Joey MacDonald without a rebound.
15:26 of 1st period - Maxime Sauvé wins face-off versus Cory Emmerton in Patriotes zone.
15:33 of 1st period - Wrist shot by Mikko Lehtonen.
15:33 of 1st period - Stopped by Joey MacDonald with a rebound.
15:51 of 1st period - Lauri Tukonen is hit by Jaroslav Balastik and loses puck.
16:02 of 1st period - Jaroslav Balastik is hit by Fedor Fedorov and loses puck.
16:13 of 1st period - Igor Radulov is hit by Zack Stortini and loses puck.
17:15 of 1st period - Slapshot by Alexandre Bolduc.
17:15 of 1st period - Stopped by Joey MacDonald without a rebound.
17:16 of 1st period - Igor Radulov wins face-off versus Christian Hanson in Patriotes zone.
17:17 of 1st period - Slapshot by Alexandre Bolduc.
17:17 of 1st period - Shot Misses the Net.
17:41 of 1st period - Tomas Kurka is hit by Ryan Jones and loses puck.
18:26 of 1st period - Jaroslav Balastik is hit by Liam Reddox and loses puck.
18:46 of 1st period - Slapshot by Fedor Fedorov.
18:46 of 1st period - Shot Blocked by Ville Koistinen.
19:34 of 1st period - Snap shot by Dave Dziurzynski.
19:34 of 1st period - Shot Misses the Net.
19:46 of 1st period - Snap shot by Jaroslav Balastik.
19:46 of 1st period - Shot Blocked by Timothy Kunes.
19:48 of 1st period - Snap shot by Jaroslav Balastik.
19:48 of 1st period - Goal by Jaroslav Balastik - Gangsters : 1 - Patriotes : 0.
19:49 of 1st period - Ryan Keller wins face-off versus Cory Emmerton in neutral zone.
19:52 of 1st period - Snap shot by Alexandre Bolduc.
19:52 of 1st period - Shot Blocked by Ryan Wilson.
Goals for this period are 1 for Gangsters vs 0 for Patriotes.
Shots for this period are 10 for Gangsters vs 13 for Patriotes.
2nd period
0:01 of 2nd period - Alexandre Bolduc wins face-off versus Cory Emmerton in neutral zone.
0:14 of 2nd period - Igor Radulov is hit by Andreas Nodl and loses puck.
0:25 of 2nd period - Ryan Jones is hit by Fedor Fedorov and loses puck.
0:37 of 2nd period - Minor Penalty to Ville Koistinen for Tripping.
0:38 of 2nd period - Cory Emmerton wins face-off versus Igor Radulov in Gangsters zone.
0:50 of 2nd period - Wrist shot by Andreas Nodl.
0:50 of 2nd period - Stopped by Dustin Tokarski without a rebound.
0:51 of 2nd period - Igor Radulov wins face-off versus Cory Emmerton in Gangsters zone.
0:57 of 2nd period - Icing by Tomas Kurka.
0:58 of 2nd period - Igor Radulov wins face-off versus Cory Emmerton in Patriotes zone.
1:23 of 2nd period - Wrist shot by Tomas Kurka.
1:23 of 2nd period - Stopped by Dustin Tokarski without a rebound.
1:24 of 2nd period - Igor Radulov wins face-off versus Christian Hanson in Gangsters zone.
1:58 of 2nd period - Wrist shot by Lauri Tukonen.
1:58 of 2nd period - Shot Blocked by Chris Bourque.
2:00 of 2nd period - Snap shot by Christian Hanson.
2:00 of 2nd period - Stopped by Dustin Tokarski without a rebound.
2:01 of 2nd period - Cory Emmerton wins face-off versus Igor Radulov in Gangsters zone.
2:37 of 2nd period - Penalty to Ville Koistinen is over, Ville Koistinen is back on ice.
2:52 of 2nd period - Joe Charlebois is hit by Colten Teubert and loses puck.
3:09 of 2nd period - Minor Penalty to Michael Sdao for Interference.
3:10 of 2nd period - Igor Radulov wins face-off versus Cory Emmerton in Gangsters zone.
3:40 of 2nd period - Slapshot by Ryan Wilson.
3:40 of 2nd period - Shot Blocked by Ryan Keller.
3:42 of 2nd period - Slapshot by Lauri Tukonen.
3:42 of 2nd period - Shot Blocked by Colten Teubert.
3:44 of 2nd period - Slapshot by Fedor Fedorov.
3:44 of 2nd period - Shot Misses the Net.
3:46 of 2nd period - Slapshot by Ryan Wilson.
3:46 of 2nd period - Goal by Ryan Wilson - Gangsters : 1 - Patriotes : 1.
3:47 of 2nd period - Alexandre Bolduc wins face-off versus Cory Emmerton in neutral zone.
3:59 of 2nd period - Snap shot by Andreas Nodl.
3:59 of 2nd period - Stopped by Dustin Tokarski without a rebound.
4:00 of 2nd period - Cory Emmerton wins face-off versus Alexandre Bolduc in Gangsters zone.
4:40 of 2nd period - Off-side.
4:41 of 2nd period - Artem Anisimov wins face-off versus Cory Emmerton in neutral zone.
4:46 of 2nd period - Snap shot by Cory Emmerton.
4:46 of 2nd period - Stopped by Dustin Tokarski with a rebound.
4:48 of 2nd period - Slapshot by Brett Skinner.
4:48 of 2nd period - Shot Blocked by Colten Teubert.
4:50 of 2nd period - Slapshot by Andreas Nodl.
4:50 of 2nd period - Stopped by Dustin Tokarski with a rebound.
4:52 of 2nd period - Wrist shot by Cory Emmerton.
4:52 of 2nd period - Deflect By Tomas Kurka.
4:52 of 2nd period - Stopped by Dustin Tokarski without a rebound.
4:53 of 2nd period - Artem Anisimov wins face-off versus Cory Emmerton in Gangsters zone.
6:01 of 2nd period - Snap shot by Dave Dziurzynski.
6:01 of 2nd period - Stopped by Joey MacDonald without a rebound.
6:02 of 2nd period - Jaroslav Balastik wins face-off versus Ryan White in Patriotes zone.
6:09 of 2nd period - Snap shot by Dave Dziurzynski.
6:09 of 2nd period - Shot Blocked by Joe Charlebois.
6:11 of 2nd period - Snap shot by Jaroslav Balastik.
6:11 of 2nd period - Stopped by Joey MacDonald with a rebound.
6:17 of 2nd period - Snap shot by Jaroslav Balastik.
6:17 of 2nd period - Shot Blocked by Joe Charlebois.
6:29 of 2nd period - Wrist shot by Cory Emmerton.
6:29 of 2nd period - Shot Misses the Net.
6:47 of 2nd period - Snap shot by Alexandre Bolduc.
6:47 of 2nd period - Stopped by Joey MacDonald with a rebound.
7:15 of 2nd period - Icing by Ryan Jones.
7:16 of 2nd period - Artem Anisimov wins face-off versus Cory Emmerton in Gangsters zone.
7:21 of 2nd period - Slapshot by Shaun Heska.
7:21 of 2nd period - Shot Misses the Net.
7:23 of 2nd period - Slapshot by Shaun Heska.
7:23 of 2nd period - Shot Blocked by Nigel Williams.
7:25 of 2nd period - Wrist shot by Artem Anisimov.
7:25 of 2nd period - Shot Blocked by Sami Vatanen.
7:27 of 2nd period - Wrist shot by Ryan Jones.
7:27 of 2nd period - Shot Blocked by Sami Vatanen.
7:29 of 2nd period - Slapshot by Shaun Heska.
7:29 of 2nd period - Shot Misses the Net.
7:31 of 2nd period - Snap shot by Ryan Jones.
7:31 of 2nd period - Stopped by Joey MacDonald with a rebound.
7:39 of 2nd period - Slapshot by Jaroslav Balastik.
7:39 of 2nd period - Shot Misses the Net.
7:47 of 2nd period - Wrist shot by Ryan Jones.
7:47 of 2nd period - Shot Misses the Net.
7:53 of 2nd period - Wrist shot by Ryan Jones.
7:53 of 2nd period - Stopped by Joey MacDonald with a rebound.
7:55 of 2nd period - Slapshot by Artem Anisimov.
7:55 of 2nd period - Stopped by Joey MacDonald with a rebound.
7:57 of 2nd period - Slapshot by Ville Koistinen.
7:57 of 2nd period - Stopped by Joey MacDonald with a rebound.
7:59 of 2nd period - Backhand shot by Shaun Heska.
7:59 of 2nd period - Shot Misses the Net.
8:13 of 2nd period - Wrist shot by Tomas Kurka.
8:13 of 2nd period - Stopped by Dustin Tokarski without a rebound.
8:14 of 2nd period - Alexandre Bolduc wins face-off versus Christian Hanson in Gangsters zone.
8:14 of 2nd period - Alexandre Bolduc is hit by Fedor Fedorov.
9:05 of 2nd period - Snap shot by Ryan Wilson.
9:05 of 2nd period - Shot Misses the Net.
9:07 of 2nd period - Slapshot by Brett Skinner.
9:07 of 2nd period - Shot Blocked by Colten Teubert.
10:18 of 2nd period - Igor Radulov is hit by Tomas Kurka.
11:04 of 2nd period - Igor Radulov is hit by Jared Staal and loses puck.
11:17 of 2nd period - Wrist shot by Cory Emmerton.
11:17 of 2nd period - Shot Misses the Net.
11:19 of 2nd period - Snap shot by Tomas Kurka.
11:19 of 2nd period - Stopped by Dustin Tokarski with a rebound.
11:25 of 2nd period - Wrist shot by Cory Emmerton.
11:25 of 2nd period - Shot Misses the Net.
11:40 of 2nd period - Matt Delahey is hit by Zack Stortini and loses puck.
12:12 of 2nd period - Snap shot by Ryan Jones.
12:12 of 2nd period - Shot Blocked by Ryan White.
12:14 of 2nd period - Wrist shot by Jaroslav Balastik.
12:14 of 2nd period - Stopped by Joey MacDonald without a rebound.
12:15 of 2nd period - Ryan White wins face-off versus Alexandre Bolduc in Patriotes zone.
12:28 of 2nd period - Timothy Kunes is hit by Alexandre Bolduc and loses puck.
12:48 of 2nd period - Wrist shot by Tomas Kurka.
12:48 of 2nd period - Stopped by Dustin Tokarski without a rebound.
12:49 of 2nd period - Alexandre Bolduc wins face-off versus Cory Emmerton in Gangsters zone.
12:49 of 2nd period - Alexandre Bolduc is hit by Tomas Kurka.
13:14 of 2nd period - Nigel Williams is hit by Ville Koistinen and loses puck.
13:21 of 2nd period - Snap shot by Mikko Lehtonen.
13:21 of 2nd period - Shot Misses the Net.
13:38 of 2nd period - Snap shot by T.J Galiardi.
13:38 of 2nd period - Stopped by Dustin Tokarski with a rebound.
14:37 of 2nd period - Ryan Keller is hit by Joe Charlebois and loses puck.
14:50 of 2nd period - Snap shot by Patrice Cormier.
14:50 of 2nd period - Stopped by Dustin Tokarski without a rebound.
14:51 of 2nd period - Patrice Cormier wins face-off versus Maxime Sauvé in Gangsters zone.
15:24 of 2nd period - Nigel Williams is hit by Alexandre Bolduc and loses puck.
15:35 of 2nd period - Wrist shot by Andreas Nodl.
15:35 of 2nd period - Shot Misses the Net.
16:03 of 2nd period - Slapshot by Mikko Lehtonen.
16:03 of 2nd period - Shot Misses the Net.
16:05 of 2nd period - Snap shot by Maxime Sauvé.
16:05 of 2nd period - Shot Misses the Net.
16:38 of 2nd period - Wrist shot by Andreas Nodl.
16:38 of 2nd period - Deflect By Tomas Kurka.
16:38 of 2nd period - Goal by Tomas Kurka - Gangsters : 1 - Patriotes : 2.
16:39 of 2nd period - Alexandre Bolduc wins face-off versus Cory Emmerton in neutral zone.
16:47 of 2nd period - Brett Skinner is hit by Ryan Keller and loses puck.
17:15 of 2nd period - Snap shot by Jaroslav Balastik.
17:15 of 2nd period - Shot Blocked by Timothy Kunes.
17:27 of 2nd period - Backhand shot by T.J Galiardi.
17:27 of 2nd period - Shot Misses the Net.
17:29 of 2nd period - Snap shot by Zack Stortini.
17:29 of 2nd period - Deflect By Maxime Sauvé.
17:29 of 2nd period - Stopped by Dustin Tokarski without a rebound.
17:30 of 2nd period - Patrice Cormier wins face-off versus Maxime Sauvé in Gangsters zone.
17:35 of 2nd period - Snap shot by T.J Galiardi.
17:35 of 2nd period - Stopped by Dustin Tokarski with a rebound.
17:37 of 2nd period - Wrist shot by T.J Galiardi.
17:37 of 2nd period - Shot Misses the Net.
17:39 of 2nd period - Slapshot by T.J Galiardi.
17:39 of 2nd period - Stopped by Dustin Tokarski without a rebound.
17:40 of 2nd period - Cory Emmerton wins face-off versus Alexandre Bolduc in Gangsters zone.
17:49 of 2nd period - Snap shot by Cory Emmerton.
17:49 of 2nd period - Stopped by Dustin Tokarski without a rebound.
17:50 of 2nd period - Alexandre Bolduc wins face-off versus Cory Emmerton in Gangsters zone.
17:50 of 2nd period - Alexandre Bolduc is hit by Cory Emmerton.
18:14 of 2nd period - Snap shot by Tomas Kurka.
18:14 of 2nd period - Stopped by Dustin Tokarski without a rebound.
18:15 of 2nd period - Artem Anisimov wins face-off versus Christian Hanson in Gangsters zone.
18:15 of 2nd period - Jaroslav Balastik is hit by Lauri Tukonen.
18:19 of 2nd period - Snap shot by Christian Hanson.
18:19 of 2nd period - Shot Misses the Net.
18:21 of 2nd period - Wrist shot by Christian Hanson.
18:21 of 2nd period - Shot Blocked by Colten Teubert.
18:31 of 2nd period - Slapshot by Christian Hanson.
18:31 of 2nd period - Shot Misses the Net.
18:37 of 2nd period - Minor Penalty to Colten Teubert for Hooking.
18:38 of 2nd period - Igor Radulov wins face-off versus Cory Emmerton in Gangsters zone.
19:54 of 2nd period - Icing by Andreas Nodl.
19:55 of 2nd period - Alexandre Bolduc wins face-off versus Cory Emmerton in Patriotes zone.
Goals for this period are 0 for Gangsters vs 2 for Patriotes.
Shots for this period are 8 for Gangsters vs 19 for Patriotes.
3rd period
0:01 of 3rd period - Cory Emmerton wins face-off versus Igor Radulov in neutral zone.
0:16 of 3rd period - Snap shot by Tomas Kurka.
0:16 of 3rd period - Stopped by Dustin Tokarski with a rebound.
0:37 of 3rd period - Penalty to Colten Teubert is over, Colten Teubert is back on ice.
0:39 of 3rd period - Matt Delahey is hit by Lauri Tukonen and loses puck.
0:52 of 3rd period - Snap shot by Chris Bourque.
0:52 of 3rd period - Shot Misses the Net.
0:54 of 3rd period - Slapshot by Matt Delahey.
0:54 of 3rd period - Stopped by Joey MacDonald with a rebound.
0:56 of 3rd period - Slapshot by Matt Delahey.
0:56 of 3rd period - Stopped by Joey MacDonald with a rebound.
1:02 of 3rd period - Minor Penalty to Joe Charlebois for Hooking.
1:03 of 3rd period - Tomas Kurka wins face-off versus Alexandre Bolduc in Patriotes zone.
1:16 of 3rd period - Slapshot by Ryan Keller.
1:16 of 3rd period - Shot Misses the Net.
1:18 of 3rd period - Snap shot by Igor Radulov.
1:18 of 3rd period - Stopped by Joey MacDonald with a rebound.
1:38 of 3rd period - Snap shot by Artem Anisimov.
1:38 of 3rd period - Shot Misses the Net.
3:02 of 3rd period - Penalty to Joe Charlebois is over, Joe Charlebois is back on ice.
4:44 of 3rd period - Icing by Alexandre Bolduc.
4:45 of 3rd period - Alexandre Bolduc wins face-off versus Christian Hanson in Gangsters zone.
4:56 of 3rd period - Wrist shot by Chris Bourque.
4:56 of 3rd period - Stopped by Joey MacDonald with a rebound.
4:58 of 3rd period - Snap shot by Chris Bourque.
4:58 of 3rd period - Shot Blocked by Brett Skinner.
5:00 of 3rd period - Slapshot by Mikko Lehtonen.
5:00 of 3rd period - Stopped by Joey MacDonald with a rebound.
5:06 of 3rd period - Maxime Sauvé is hit by Fedor Fedorov and loses puck.
5:19 of 3rd period - Wrist shot by Christian Hanson.
5:19 of 3rd period - Shot Misses the Net.
5:30 of 3rd period - Maxime Sauvé is hit by Ryan Wilson and loses puck.
5:56 of 3rd period - Snap shot by Maxime Sauvé.
5:56 of 3rd period - Shot Misses the Net.
5:58 of 3rd period - Snap shot by Chris Bourque.
5:58 of 3rd period - Stopped by Joey MacDonald with a rebound.
6:00 of 3rd period - Snap shot by Chris Bourque.
6:00 of 3rd period - Stopped by Joey MacDonald without a rebound.
6:01 of 3rd period - Cory Emmerton wins face-off versus Alexandre Bolduc in Patriotes zone.
6:26 of 3rd period - Artem Anisimov is hit by Zack Stortini and loses puck.
6:37 of 3rd period - Colten Teubert is hit by Zack Stortini and loses puck.
7:06 of 3rd period - Staffan Kronwall is hit by Andreas Nodl and loses puck.
8:35 of 3rd period - Minor Penalty to Zack Stortini for Boarding.
8:36 of 3rd period - Alexandre Bolduc wins face-off versus Tomas Kurka in Patriotes zone.
8:39 of 3rd period - Wrist shot by Ryan Keller.
8:39 of 3rd period - Stopped by Joey MacDonald without a rebound.
8:40 of 3rd period - Alexandre Bolduc wins face-off versus Tomas Kurka in Patriotes zone.
8:49 of 3rd period - Snap shot by Alexandre Bolduc.
8:49 of 3rd period - Stopped by Joey MacDonald without a rebound.
8:50 of 3rd period - Alexandre Bolduc wins face-off versus Tomas Kurka in Patriotes zone.
10:18 of 3rd period - Artem Anisimov is hit by Brett Skinner and loses puck.
10:35 of 3rd period - Penalty to Zack Stortini is over, Zack Stortini is back on ice.
10:45 of 3rd period - Slapshot by Chris Bourque.
10:45 of 3rd period - Shot Misses the Net.
10:47 of 3rd period - Snap shot by Mikko Lehtonen.
10:47 of 3rd period - Goal by Mikko Lehtonen - Gangsters : 2 - Patriotes : 2.
10:48 of 3rd period - Patrice Cormier wins face-off versus Alexandre Bolduc in neutral zone.
11:26 of 3rd period - Snap shot by Alexandre Bolduc.
11:26 of 3rd period - Shot Misses the Net.
12:09 of 3rd period - Snap shot by Patrice Cormier.
12:09 of 3rd period - Stopped by Dustin Tokarski with a rebound.
12:11 of 3rd period - Wrist shot by Zack Stortini.
12:11 of 3rd period - Stopped by Dustin Tokarski with a rebound.
12:51 of 3rd period - Minor Penalty to Colten Teubert for Hooking.
12:52 of 3rd period - Cory Emmerton wins face-off versus Igor Radulov in Gangsters zone.
13:23 of 3rd period - Snap shot by Christian Hanson.
13:23 of 3rd period - Shot Blocked by Matt Delahey.
13:35 of 3rd period - Wrist shot by Andreas Nodl.
13:35 of 3rd period - Stopped by Dustin Tokarski with a rebound.
14:51 of 3rd period - Penalty to Colten Teubert is over, Colten Teubert is back on ice.
15:00 of 3rd period - Michael Sdao is hit by Joe Charlebois and loses puck.
15:51 of 3rd period - Maxime Sauvé is hit by Andreas Nodl and loses puck.
16:20 of 3rd period - Slapshot by Timothy Kunes.
16:20 of 3rd period - Shot Misses the Net.
16:22 of 3rd period - Wrist shot by Zack Stortini.
16:22 of 3rd period - Stopped by Dustin Tokarski without a rebound.
16:23 of 3rd period - Artem Anisimov wins face-off versus Patrice Cormier in Gangsters zone.
17:59 of 3rd period - Snap shot by T.J Galiardi.
17:59 of 3rd period - Shot Misses the Net.
18:01 of 3rd period - Slapshot by Sami Vatanen.
18:01 of 3rd period - Stopped by Dustin Tokarski with a rebound.
19:20 of 3rd period - Icing by Mikko Lehtonen.
19:21 of 3rd period - Mikko Lehtonen wins face-off versus Cory Emmerton in Gangsters zone.
Goals for this period are 1 for Gangsters vs 0 for Patriotes.
Shots for this period are 10 for Gangsters vs 6 for Patriotes.
Overtime #1
0:01 of 1st overtime period - Tomas Kurka wins face-off versus Igor Radulov in neutral zone.
0:46 of 1st overtime period - Wrist shot by Mikko Lehtonen.
0:46 of 1st overtime period - Stopped by Joey MacDonald with a rebound.
0:48 of 1st overtime period - Wrist shot by Mikko Lehtonen.
0:48 of 1st overtime period - Shot Misses the Net.
0:50 of 1st overtime period - Slapshot by Matt Delahey.
0:50 of 1st overtime period - Shot Blocked by Ryan Wilson.
0:52 of 1st overtime period - Slapshot by Colten Teubert.
0:52 of 1st overtime period - Stopped by Joey MacDonald with a rebound.
0:54 of 1st overtime period - Snap shot by Maxime Sauvé.
0:54 of 1st overtime period - Shot Misses the Net.
1:10 of 1st overtime period - T.J Galiardi is hit by Matt Delahey and loses puck.
1:31 of 1st overtime period - Shaun Heska is hit by Patrice Cormier and loses puck.
1:42 of 1st overtime period - Andreas Nodl is hit by Ville Koistinen and loses puck.
1:51 of 1st overtime period - Wrist shot by Mikko Lehtonen.
1:51 of 1st overtime period - Deflect By Maxime Sauvé.
1:51 of 1st overtime period - Shot Misses the Net.
1:51 of 1st overtime period - Puck is out of play.
1:52 of 1st overtime period - Igor Radulov wins face-off versus Fedor Fedorov in Patriotes zone.
2:21 of 1st overtime period - Ryan Wilson is hit by Ville Koistinen.
2:51 of 1st overtime period - T.J Galiardi is hit by Colten Teubert and loses puck.
2:58 of 1st overtime period - Jaroslav Balastik is hit by Joe Charlebois and loses puck.
3:06 of 1st overtime period - Icing by Colten Teubert.
3:07 of 1st overtime period - Tomas Kurka wins face-off versus Chris Bourque in Gangsters zone.
4:00 of 1st overtime period - Fedor Fedorov is hit by Ville Koistinen and loses puck.
4:24 of 1st overtime period - Joe Charlebois is hit by Mikko Lehtonen and loses puck.
Goals for this period are 0 for Gangsters vs 0 for Patriotes.
Shots for this period are 2 for Gangsters vs 0 for Patriotes.
ShootOut
5:00 of 1st overtime period - Penalty Shot by Igor Radulov for Gangsters.
5:00 of 1st overtime period - Backhand shot by Igor Radulov.
5:00 of 1st overtime period - Goal by Igor Radulov.
5:00 of 1st overtime period - Penalty Shot by Tomas Kurka for Patriotes.
5:00 of 1st overtime period - Deke by Tomas Kurka.
5:00 of 1st overtime period - Stopped by Dustin Tokarski.
5:00 of 1st overtime period - Penalty Shot by Jaroslav Balastik for Gangsters.
5:00 of 1st overtime period - Backhand shot by Jaroslav Balastik.
5:00 of 1st overtime period - Goal by Jaroslav Balastik.
5:00 of 1st overtime period - Penalty Shot by Andreas Nodl for Patriotes.
5:00 of 1st overtime period - Wrist shot by Andreas Nodl.
5:00 of 1st overtime period - Stopped by Dustin Tokarski.
Output by the SimonT Hockey Simulator (STHS) for François Prévost -- Original Page W3C XHTML 1.0 Valid